 Dungeon Crawl Stone Soup version 0.29-a0-344-ge2f44be95a (webtiles) character file.

Game seed: 8410733267848455278

8300 Murumi the Slasher (level 10, -4/86 HPs)
             Began as a Demigod Fighter on Apr 22, 2022.
             Succumbed to a hornet's poison
             ... on level 9 of the Dungeon.
             The game lasted 00:34:38 (9095 turns).

Murumi the Slasher (Demigod Fighter)                Turns: 9095, Time: 00:34:39

Health: -4/86      AC: 15    Str: 17    XL:     10   Next: 81%
Magic:  13/13      EV: 11    Int: 14    God:
Gold:   434        SH: 14    Dex: 31    Spells: 9/9 levels left

rFire   . . .      SeeInvis +   I - +3 scimitar (elec)
rCold   . . .      Faith    .   y - +0 kite shield
rNeg    . . .      Spirit   .   u - +0 chain mail
rPois   .          Reflect  .   (no helmet)
rElec   .          Harm     .   z - +2 cloak of Miastogg {Int+4}
rCorr   .          Rampage  .   (no gloves)
Will    +....                   g - +0 pair of boots
Stlth   +.........              o - amulet of regeneration
HPRegen 1.04/turn               m - ring of see invisible
MPRegen 0.13/turn               c - +6 ring of dexterity

@: lethally poisoned (-4 -> -13), slowed, studying Crossbows, very slow
A: high MP 1, forlorn, divine attributes
a: no special abilities


You were on level 9 of the Dungeon.
You visited 1 branch of the dungeon, and saw 10 of its levels.
You also visited: Ossuary.

You collected 522 gold pieces.
You spent 88 gold pieces at shops.

Inventory:

Hand Weapons
 E - a +4 double sword
 I - a +3 scimitar of electrocution (weapon)
Missiles
 n - a throwing net (quivered)
Armour
 g - a +0 pair of boots (worn)
 u - a +0 chain mail (worn)
 y - a +0 kite shield (worn)
 z - the +2 cloak of Miastogg (worn) {Int+4}
   (You found it on level 6 of the Dungeon)

   Int:       It affects your intelligence (+4).
Jewellery
 c - a +6 ring of dexterity (right hand)
 k - a ring of protection from fire
 m - a ring of see invisible (left hand)
 o - an amulet of regeneration (around neck)
 H - a ring of protection from cold
 L - a ring of poison resistance
Wands
 q - a wand of flame (51)
 A - a wand of digging (3)
 B - a wand of polymorph (7)
 D - a wand of mindburst (11)
 G - a wand of charming (4)
 J - a wand of iceblast (6)
Scrolls
 d - 3 scrolls of teleportation
 f - a scroll of summoning
 r - a scroll of silence
 v - a scroll of fear
 w - 2 scrolls of enchant armour
 F - a scroll of magic mapping
 K - a scroll of amnesia
Potions
 b - a potion of cancellation
 e - 7 potions of curing
 h - 3 potions of attraction
 i - 2 potions of heal wounds
 j - 5 potions of flight
 l - a potion of haste
 p - 3 potions of mutation
 s - 3 potions of lignification
 t - a potion of brilliance
 x - a potion of magic
 C - a potion of ambrosia {unknown}
 M - a potion of berserk rage {unknown}
Miscellaneous
 a - a lightning rod (4/4)


   Skills:
 - Level 7.0 Fighting
 + Level 7.4 Long Blades
 - Level 7.0 Armour
 - Level 7.0 Dodging
 - Level 4.0 Stealth
 - Level 7.0 Shields
 - Level 3.0 Evocations


You had 9 spell levels left.
You didn't know any spells.
Your spell library contained the following spells:

 Spells                   Type           Power      Damage    Failure   Level
 Freeze                   Ice            0%         1d3       100%        1
 Frozen Ramparts          Ice            0%         1d2       100%        3
 Ozocubu's Armour         Ice            0%         N/A       100%        3
 Hailstorm                Conj/Ice       0%         3d3       100%        4
 Ozocubu's Refrigeration  Ice            0%         4d5       100%        7


Dungeon Overview and Level Annotations

Branches:
Dungeon (10/15)            Temple (0/1) D:5         Ossuary (visited)
   Lair: D:8-11         Orc: D:9-12

Shops:
D:2 :   D:4 ?   D:7 :


Innate Abilities, Weirdness & Mutations

You have an increased reservoir of magic. (+10% MP)
You shall have no god before yourself.
Your divine heritage dramatically boosts your attributes as you level up.


Message History

The howler monkey hoots and howls with incredible vigour!
You hear a howl!
You hear an angry buzzing noise.
A hornet comes into view.
The hornet buzzes angrily.
The howler monkey hoots and howls with incredible vigour!
You hear a howl!
The troll barely misses you. The troll claws you.
The troll claws you but does no damage.
You see here a howler monkey corpse.
The troll attacks as you move away! You block the troll's attack. x2
The troll claws you. The hornet stings you.
You suddenly lose the ability to move!
The hornet stings you but does no damage.
The troll bites you! The troll claws you!
The troll claws you but does no damage. The hornet stings you!
You feel yourself slow down.
You feel yourself speed up. The troll bites you. The troll claws you.
The troll claws you but does no damage. The hornet stings you.
You are poisoned.
You feel yourself slow down.
The howler monkey hoots and howls with incredible vigour!
You hear a shout! x3; You hear a bellow!
You can move again.
There is a stone staircase leading up, spattered with blood here.
You feel very sick. The hornet stings you!
You are more poisoned.
You feel as though you will be slow longer.
You block the troll's attack. x2; The troll misses you.
The howler monkey hits you but does no damage.
The hornet stings you!
* * * LOW HITPOINT WARNING * * *
You shrug off the repeated paralysis!
You block the troll's attack. The troll claws you!
* * * LOW HITPOINT WARNING * * *
The troll claws you but does no damage. You block the howler monkey's attack.
The hornet stings you but does no damage.
You climb upwards.
You die...

.......#...#..+......#..<.......#
###'#..#...'..########..........#
#...#..#...#....................#
#...#..#...#....................#
#...#..#...#..................###
#####..#####.......#######....#
...................#.....#....#
..........######h..#.....#.####
..........# #@T.#..†..#.#
..........# #y..##'####.#
......###.# #...........# #######
### #...........# #.......#####
#########


You could see a troll, a hornet and a howler monkey (catching breath).

Vanquished Creatures
  A two-headed ogre (D:9)
  A gargoyle (D:8)
  Maggie (D:6)
  The ghost of Sekuso the Charlatan, a novice FoAr (D:4)
  A troll (D:9)
  Grinder (D:4)
  Sigmund (D:5)
  A shadow (D:9)
  A wyvern (D:9)
  Grum (D:9)
  5 yaks (D:9)
  Menkaure (D:5)
  2 water moccasins
  Duvessa (D:4)
  6 orc warriors
  4 sky beasts
  2 ogres
  2 wolves (D:8)
  6 centaurs
  A phantom (D:6)
  A kobold brigand (D:8)
  3 bullfrogs
  2 gnoll sergeants
  5 necrophages
  5 scorpions
  7 wights
  Dowan (D:4)
  9 killer bees (D:9)
  6 howler monkeys
  2 jellies
  4 quasits (D:4)
  A hound (D:4)
  5 orc priests
  Ijyb (D:3)
  An iguana (D:4)
  Jessica (D:3)
  4 orc wizards
  4 mummies
  18 gnolls
  5 adders
  4 white imps
  3 worms
  2 dart slugs
  30 orcs
  7 ball pythons
  9 endoplasms
  2 giant cockroaches
  4 hobgoblins
  8 jackals
  7 kobolds
  4 quokkas
  2 bats
  2 frilled lizards
  6 goblins
  3 goblin zombies (Ossuary)
  3 hobgoblin zombies (Ossuary)
  4 kobold zombies (Ossuary)
  2 orc zombies (D:5)
  5 quokka zombies (Ossuary)
  5 rats
  3 rat zombies (Ossuary)
240 creatures vanquished.

Notes
Turn   | Place    | Note
-------+----------+-------------------------------------------
     0 | D:1      | Murumi the Demigod Fighter began the quest for the Orb.
     0 | D:1      | Reached XP level 1. HP: 18/18 MP: 3/3
   335 | D:1      | Reached XP level 2. HP: 26/26 MP: 4/4
   727 | D:1      | Reached skill level 1 in Dodging
   863 | D:1      | Reached skill level 1 in Stealth
   863 | D:1      | Reached XP level 3. HP: 10/31 MP: 5/5
  1544 | D:2      | Found Mulaum's Book Boutique.
  2216 | D:3      | Noticed Jessica
  2216 | D:3      | You fall into a shaft and drop 1 floor!
  2305 | D:4      | Reached XP level 4. HP: 38/38 MP: 6/6
  2394 | D:3      | Reached XP level 5. HP: 45/45 MP: 7/7
  2466 | D:3      | Killed Jessica
  2776 | D:3      | Noticed Ijyb
  2817 | D:3      | Killed Ijyb
  2931 | D:3      | Reached XP level 6. HP: 51/51 MP: 8/8
  3057 | D:4      | Noticed Grinder
  3059 | D:4      | Paralysed by Grinder for 3 turns
  3074 | D:4      | Paralysed by Grinder for 2 turns
  3084 | D:4      | Killed Grinder
  3085 | D:4      | Reached skill level 1 in Evocations
  3254 | D:4      | Found a transporter.
  3258 | D:4      | Noticed Sekuso's ghost (novice FoAr)
  3275 | D:4      | Found a transporter.
  3454 | D:4      | Reached XP level 7. HP: 57/59 MP: 9/9
  3589 | D:4      | Found Vuwad's Magic Scroll Emporium.
  3593 | D:4      | Bought a scroll of identify for 22 gold pieces
  3595 | D:4      | Bought 2 scrolls of identify for 44 gold pieces
  3595 | D:4      | Bought a scroll of identify for 22 gold pieces
  3622 | D:5      | Entered Level 5 of the Dungeon
  3682 | D:5      | Noticed Dowan
  3684 | D:5      | Noticed Duvessa
  3708 | D:4      | Killed Duvessa
  3718 | D:4      | Killed Dowan
  3864 | D:5      | Noticed Sigmund
  3900 | D:5      | Reached skill level 5 in Long Blades
  3905 | D:5      | Killed Sigmund
  3906 | D:5      | Reached XP level 8. HP: 43/67 MP: 10/10
  3911 | D:5      | Reached skill level 5 in Fighting
  3939 | D:5      | Noticed Menkaure
  3992 | D:5      | Found a sand-covered staircase.
  4006 | D:5      | Reached skill level 5 in Shields
  4014 | Ossuary  | Entered an ossuary
  4317 | D:5      | Killed Menkaure
  4318 | D:5      | Reached skill level 5 in Dodging
  4513 | D:5      | Found a staircase to the Ecumenical Temple.
  4560 | D:5      | Reached skill level 5 in Armour
  4751 | D:4      | Killed Sekuso's ghost
  4898 | D:6      | Reached XP level 9. HP: 74/74 MP: 11/11
  5102 | D:6      | Identified the +2 cloak of Miastogg {Int+4}
  5613 | D:6      | Noticed Maggie
  5630 | D:6      | Killed Maggie
  5898 | D:7      | Found Nilalim's Book Shoppe.
  6764 | D:7      | Identified the +3 war axe of Eternal Harmony {pain,
                  | *Corrode rElec Str+3 Int+2}
  7121 | D:8      | Reached XP level 10. HP: 72/83 MP: 13/13
  8185 | D:9      | Noticed Grum
  8215 | D:9      | Killed Grum
  8570 | D:9      | Noticed a two-headed ogre
  8579 | D:9      | Killed a two-headed ogre
  9070 | D:10     | Entered Level 10 of the Dungeon
  9091 | D:10     | Paralysed by a hornet for 3 turns
  9094 | D:10     | HP: 3/86 [troll (11)]
  9095 | D:9      | Succumbed to a hornet's poison

Illustrated notes

Levels and vault maps discovered:
D:1:      amcnicky_arrival_blooded_trapdoor, layout_rooms,
          hellmonk_ecumenical_altar_heavens_door, chequers_serial_rivers_marsh
D:2:      layout_loops_cross, serial_shops, shop
D:3:      layout_rooms, general_overflow_altar, uniq_ijyb, uniq_jessica
D:4:      layout_basic, serial_shops, shop, gammafunk_ghost_stat_death,
          minivault_11, uniq_grinder
D:5:      layout_rooms, minmay_temple_entry_stoned_glass,
          nicolae_ossuary_entry_giza, uniq_menkaure, uniq_duvessa, uniq_sigmund
D:6:      layout_basic, uniq_maggie
D:7:      nicolae_whirlpool, layout_gridville, serial_shops,
          nicolae_shop_waterfront
D:8:      minmay_razor_zed, layout_basic, hex_medium,
          minmay_manual_mandibuliform
D:9:      layout_irregular_city, uniq_grum
D:10:     layout_layer_cave, hangedman_weighted_door

Skill      XL: |  1  2  3  4  5  6  7  8  9 10 |
---------------+-------------------------------+-----
Long Blades    | 2 3 4 5 6 7 |  7.4
Fighting       | 3 4 5 6 7 |  7.0
Armour         | 3 4 5 6 7 |  7.0
Shields        | 3 4 5 6 7 |  7.0
Dodging        | 1 2 3 4 5 6 7 |  7.0
Stealth        | 1 2 3 4 |  4.0
Evocations     | 1 2 3 |  3.0

Action                   |  1- 3 |  4- 6 |  7- 9 | 10-12 || total
-------------------------+-------+-------+-------+-------++-------
Melee: Long sword        |   114 |   207 |   506 |    56 ||   883
       Scimitar          |       |       |       |   101 ||   101
Evoke: Wand              |       |       |     2 |       ||     2
  Use: Scroll            |     6 |     5 |    13 |     1 ||    25
       Potion            |       |       |     3 |       ||     3
 Stab: Distracted        |       |       |       |     1 ||     1
Armor: Scale mail        |    20 |    60 |       |       ||    80
       Chain mail        |       |    20 |   266 |    53 ||   339
Dodge: Dodged            |    43 |    64 |   242 |    52 ||   401
Block: Buckler           |    20 |    51 |    61 |       ||   132
       Kite shield       |       |       |   298 |   104 ||   402

Table legend: (Time is in decaauts)
 A = Elapsed time spent in this place.
 B = Non-inter-level travel time spent in this place.
 C = Inter-level travel time spent in this place.
 D = Time resting spent in this place.
 E = Time spent auto-exploring this place.
 F = Levels seen in this place.
 G = Mean time per level.
                   A        B        C        D        E       F      G
               +--------+--------+--------+--------+--------+-----+--------+
         Total |   9371 |   8530 |    841 |    262 |   5835 |  11 |  851.9 |
       Dungeon |   9110 |   8269 |    841 |    200 |   5749 |  10 |  911.0 |
       Ossuary |    260 |    260 |      0 |     62 |     86 |   1 |  260.0 |
               +--------+--------+--------+--------+--------+-----+--------+

Top non-repeatable levels by time:
     D:8: 1307 daAuts
     D:6: 1177 daAuts
     D:4: 1165 daAuts
     D:2: 1152 daAuts
     D:1: 1101 daAuts
     D:7: 971 daAuts
     D:9: 887 daAuts
     D:3: 684 daAuts
     D:5: 634 daAuts
 Ossuary: 260 daAuts
    D:10: 26 daAuts
